Jets vs Stars
Created - 1 mars 2015 at 21:53
Goals
|
| Jets |
3 |
2 |
1 |
6 |
| Stars |
1 |
2 |
2 |
5 |
|
Shots
|
| Jets |
9 |
13 |
10 |
32 |
| Stars |
8 |
12 |
8 |
28 |
|
1st period
1. Jets , Greg Campbell 10 (Jussi Jokinen) at 0:34
2. Stars , Evgeny Artyukhin 11 (Matthew Spiller, Éric Belanger) at 1:30
3. Jets , Vaclav Varada 5 (Blair Betts) at 9:13
4. Jets , Vaclav Varada 6 (Dmitri Kalinin, Marek Zidlicky) at 14:41
Penalties :
No Penalty
2nd period
5. Stars , Alexei Morozov 31 (Henrik Sedin) at 14:05
6. Jets , Dustin Brown 25 (Benoit Pouliot, Mikko Koivu) at 15:08 (PP)
7. Jets , Mikko Koivu 18 (Dustin Brown, Benoit Pouliot) at 16:01
8. Stars , John Tavares 22 (Pavel Kubina) at 16:34
Penalties :
Benoit Pouliot (Win) for Delaying the game (Minor) at 3:04, Darroll Powe (Win) for Hooking (Minor) at 7:05, Greg Campbell (Win) for Holding (Minor) at 9:11, Patrick Sharp (Dal) for Roughing (Minor) at 15:05, Marek Zidlicky (Win) for High sticking (Minor) at 17:52
3rd period
9. Stars , Ryan Malone 4 (John Tavares, Pavel Kubina) at 0:51
10. Stars , Patrick Sharp 25 (Alexei Morozov) at 12:03 (PP)
11. Jets , Benoit Pouliot 38 (Dustin Brown, Mikko Koivu) at 16:08 (PP)
Penalties :
Adam Pardy (Win) for Tripping (Minor) at 6:38, Mikko Koivu (Win) for Tripping (Minor) at 11:23, Alexei Morozov (Dal) for Interference (Minor) at 15:54, Matthew Spiller (Dal) for Tripping (Minor) at 16:27, Greg Campbell (Win) for Slashing (Double Minor) at 19:11
Goalie Stats
Maxime Daigneault (Win), 23 saves from 28 shots - (0,821), W, 20-19-3, 60:00 minutes
Pascal Leclaire (Dal), 15 saves from 19 shots - (0,789), 35:08 minutes
Patrick Lalime (Dal), 11 saves from 13 shots - (0,846), L, 6-6-2, 23:57 minutes
Players Stats for Jets
Player Name G A P +/- PIM S H SB GA TA FO MP PP MP PK MP
------------------------------------------------------------------------------------
Adam Pardy 0 0 0 -2 2 2 1 4 1 1 0/0 24:06 0:59 6:04
Benoit Pouliot 1 2 3 1 2 1 0 0 0 0 0/0 18:45 1:20 1:20
Blair Betts 0 1 1 2 0 1 1 0 0 0 3/3 9:13 0:00 1:24
Darroll Powe 0 0 0 -2 2 1 2 0 1 0 7/14 15:25 0:00 5:15
Dmitri Kalinin 0 1 1 1 0 1 2 2 1 3 0/0 29:09 1:17 6:33
Dustin Brown 1 2 3 1 0 1 1 0 0 1 2/5 22:52 1:20 6:09
Eric Fehr 0 0 0 -1 0 6 1 0 0 0 0/0 13:21 0:56 0:00
Fredrik Sjostrom 0 0 0 -2 0 1 0 0 1 0 0/1 12:59 0:00 2:40
Greg Campbell 1 0 1 -1 6 6 4 1 1 0 4/6 16:20 0:56 2:27
Jussi Jokinen 0 1 1 -1 0 1 0 0 2 0 1/1 13:50 0:56 0:25
Kristian Huselius 0 0 0 2 0 0 0 1 1 0 0/0 7:40 0:00 0:00
Marek Zidlicky 0 1 1 2 2 3 2 3 1 0 0/0 24:06 1:17 3:58
Mikko Koivu 1 2 3 1 2 4 0 1 1 2 13/29 19:48 1:20 3:06
Niklas Hjalmarsson 0 0 0 -1 0 0 3 4 0 0 0/0 19:58 0:59 4:50
Ryan Callahan 0 0 0 -2 0 0 0 0 0 0 0/0 10:10 0:00 0:00
Tom Preissing 0 0 0 0 0 0 1 1 1 0 0/0 12:02 0:00 1:21
Vaclav Varada 2 0 2 2 0 3 2 0 0 0 0/0 8:05 0:00 0:00
Zbynek Michalek 0 0 0 0 0 1 0 0 0 1 0/0 10:41 0:00 0:00
Players Stats for Stars
Player Name G A P +/- PIM S H SB GA TA FO MP PP MP PK MP
------------------------------------------------------------------------------------
Alexei Morozov 1 1 2 0 2 4 0 0 1 0 0/1 21:11 5:03 0:00
Brendan Bell 0 0 0 1 0 2 0 4 0 2 0/0 16:00 0:00 1:41
Bryan Berard 0 0 0 0 0 0 0 3 0 2 0/0 17:18 5:06 1:24
Daniel Cleary 0 0 0 -1 0 2 0 1 0 0 0/0 8:57 0:19 0:23
Daniel Sedin 0 0 0 0 0 3 2 0 0 0 1/4 22:45 6:01 0:31
Éric Belanger 0 1 1 2 0 3 0 0 0 0 3/6 11:07 0:19 0:23
Evgeny Artyukhin 1 0 1 2 0 2 1 0 1 0 0/0 10:25 0:00 0:00
Filip Novak 0 0 0 0 0 0 0 1 0 0 0/0 10:13 0:00 0:35
Henrik Sedin 0 1 1 0 0 5 1 0 2 2 17/28 22:14 6:01 0:00
Jan Hlavac 0 0 0 -1 0 0 1 1 0 0 0/0 9:56 0:19 1:22
John Tavares 1 1 2 -1 0 2 2 1 0 0 4/12 17:02 5:03 0:31
Mark Streit 0 0 0 1 0 1 0 2 2 0 0/0 21:02 6:17 0:00
Marty Reasoner 0 0 0 -1 0 1 0 1 0 0 3/7 9:37 0:00 1:22
Matthew Spiller 0 1 1 -1 2 0 2 2 0 2 0/0 27:20 5:06 0:17
Patrick Sharp 1 0 1 -1 2 2 1 0 0 0 1/1 16:30 5:03 0:00
Pavel Kubina 0 2 2 -1 0 0 1 0 2 3 0/0 28:06 6:17 0:35
Ryan Malone 1 0 1 2 0 1 1 0 0 0 0/0 10:25 0:00 0:00
Shane Doan 0 0 0 -1 0 0 5 0 0 0 0/0 17:33 6:01 0:00
3 Stars
1 - Vaclav Varada (Win)
2 - Dustin Brown (Win)
3 - Mikko Koivu (Win)
Power Play
Jets - 2 on 3 Attempt(s) - 66,67%
Stars - 1 on 8 Attempt(s) - 12,50%
Penalty Kill
Jets - 7 on 8 Attempt(s) - 87,50%
- Score 0 goal in Penalty Kill
Stars - 1 on 3 Attempt(s) - 33,33%
- Score 0 goal in Penalty Kill
Team Stat
Jets - Hits : 20 - Faceoff Wins : 30 - Blocked Shots : 17 - Penalty Minutes : 16
Stars - Hits : 17 - Faceoff Wins : 29 - Blocked Shots : 16 - Penalty Minutes : 6
Official
Referees : Charron Francis and Furlatt Eric
Linesman : Scott Cherrey and Derek Amell
Game Notes
0:34 of 1st period - Jets goal is going for a video replay. After video review, Goal.
Patrick Lalime enters game at 15:08 of 2nd period
Finance
Level 1 -- Attendance: 5300 (88,33%) -- Ticket Income 445 200 $
Level 2 -- Attendance: 4941 (98,82%) -- Ticket Income 256 932 $
Level 3 -- Attendance: 1776 (88,80%) -- Ticket Income 53 280 $
Level 4 -- Attendance: 4000 (100,00%) -- Ticket Income 76 000 $
Luxury Box -- Attendance: 752 (75,20%) -- Ticket Income 127 088 $
Game was played at the American Airlines Center'
Total Attendance: 16769 (93,16%)
Total Ticket Income: 958 500 $
Other Income: 143 775 $
Total Income: 1 102 275 $
Jets
5 vs 5 Forward
Center Left Wing Right Wing Time % Phy DF OF
1 Mikko Koivu Benoit Pouliot Dustin Brown 39 1 2 2
2 Greg Campbell Jussi Jokinen Eric Fehr 28 1 2 2
3 Darroll Powe Fredrik Sjostrom Ryan Callahan 23 1 2 2
4 Blair Betts Kristian Huselius Vaclav Varada 10 1 2 2
5 vs 5 Defense
Defense Defense Time % Phy DF OF
1 Marek Zidlicky Dmitri Kalinin 40 1 2 2
2 Adam Pardy Niklas Hjalmarsson 30 1 2 2
3 Tom Preissing Zbynek Michalek 20 1 2 2
4 Dmitri Kalinin Adam Pardy 10 1 2 2
PowerPlay Forward
Center Left Wing Right Wing Time % Phy DF OF
1 Mikko Koivu Benoit Pouliot Dustin Brown 60 1 1 3
2 Greg Campbell Jussi Jokinen Eric Fehr 40 1 1 3
PowerPlay Defense
Defense Defense Time % Phy DF OF
1 Marek Zidlicky Dmitri Kalinin 60 1 1 3
2 Adam Pardy Niklas Hjalmarsson 40 1 1 3
Penalty Kill 4 Players Forward
Center Wing Time % Phy DF OF
1 Darroll Powe Dustin Brown 60 1 3 1
2 Greg Campbell Mikko Koivu 40 1 3 1
Penalty Kill 4 Players Defense
Defense Defense Time % Phy DF OF
1 Dmitri Kalinin Adam Pardy 60 1 4 0
2 Marek Zidlicky Niklas Hjalmarsson 40 1 4 0
Penalty Kill - 3 Players Forward
Forward Time % Phy DF OF
1 Darroll Powe 60 0 4 1
2 Greg Campbell 40 0 4 1
Penalty Kill - 3 Players Defense
Defense Defense Time % Phy DF OF
1 Dmitri Kalinin Adam Pardy 60 1 4 0
2 Niklas Hjalmarsson Marek Zidlicky 40 1 4 0
4 vs 4 Forward
Center Wing Time % Phy DF OF
1 Mikko Koivu Benoit Pouliot 60 1 2 2
2 Dustin Brown Jussi Jokinen 40 1 2 2
4 vs 4 Defense
Defense Defense Time % Phy DF OF
1 Dmitri Kalinin Adam Pardy 60 1 2 2
2 Marek Zidlicky Niklas Hjalmarsson 40 1 2 2
Last Minutes Offensive
Center Left Wing Right Wing Defense Defense
Mikko Koivu Jussi Jokinen Dustin Brown Dmitri Kalinin Marek Zidlicky
Last Minutes Defensive
Center Left Wing Right Wing Defense Defense
Greg Campbell Benoit Pouliot Vaclav Varada Dmitri Kalinin Adam Pardy
Goaltenders
Starting : Maxime Daigneault
Backup : Ilya Bryzgalov
Extra Forwards
Normal : Greg Campbell, Mikko Koivu, Fredrik Sjostrom - PP : Greg Campbell, Dustin Brown - PK : Fredrik Sjostrom
Extra Defensemen
Normal : Adam Pardy, Dmitri Kalinin, Marek Zidlicky - PP : Dmitri Kalinin - PK : Marek Zidlicky, Dmitri Kalinin
Penalty Shots
Benoit Pouliot, Jussi Jokinen, Mikko Koivu, Greg Campbell, Dustin Brown
Stars
5 vs 5 Forward
Center Left Wing Right Wing Time % Phy DF OF
1 Henrik Sedin Daniel Sedin Alexei Morozov 40 1 2 2
2 John Tavares Patrick Sharp Shane Doan 30 1 2 2
3 Éric Belanger Ryan Malone Evgeny Artyukhin 20 1 2 2
4 Marty Reasoner Jan Hlavac Daniel Cleary 10 1 2 2
5 vs 5 Defense
Defense Defense Time % Phy DF OF
1 Pavel Kubina Matthew Spiller 40 1 2 2
2 Brendan Bell Mark Streit 30 1 2 2
3 Filip Novak Bryan Berard 20 1 2 2
4 Pavel Kubina Matthew Spiller 10 1 2 2
PowerPlay Forward
Center Left Wing Right Wing Time % Phy DF OF
1 John Tavares Patrick Sharp Alexei Morozov 50 1 2 2
2 Henrik Sedin Daniel Sedin Shane Doan 50 1 2 2
PowerPlay Defense
Defense Defense Time % Phy DF OF
1 Pavel Kubina Mark Streit 60 1 2 2
2 Matthew Spiller Bryan Berard 40 1 2 2
Penalty Kill 4 Players Forward
Center Wing Time % Phy DF OF
1 Marty Reasoner Jan Hlavac 60 1 2 2
2 Éric Belanger Daniel Cleary 40 1 2 2
Penalty Kill 4 Players Defense
Defense Defense Time % Phy DF OF
1 Brendan Bell Matthew Spiller 60 1 2 2
2 Pavel Kubina Filip Novak 40 1 2 2
Penalty Kill - 3 Players Forward
Forward Time % Phy DF OF
1 Marty Reasoner 60 1 2 2
2 Éric Belanger 40 1 2 2
Penalty Kill - 3 Players Defense
Defense Defense Time % Phy DF OF
1 Brendan Bell Matthew Spiller 60 1 2 2
2 Pavel Kubina Filip Novak 40 1 2 2
4 vs 4 Forward
Center Wing Time % Phy DF OF
1 Henrik Sedin Daniel Sedin 60 1 2 2
2 John Tavares Shane Doan 40 1 2 2
4 vs 4 Defense
Defense Defense Time % Phy DF OF
1 Pavel Kubina Mark Streit 60 1 2 2
2 Matthew Spiller Filip Novak 40 1 2 2
Last Minutes Offensive
Center Left Wing Right Wing Defense Defense
Henrik Sedin Daniel Sedin Shane Doan Pavel Kubina Mark Streit
Last Minutes Defensive
Center Left Wing Right Wing Defense Defense
Marty Reasoner Jan Hlavac Daniel Cleary Brendan Bell Matthew Spiller
Goaltenders
Starting : Pascal Leclaire
Backup : Patrick Lalime
Extra Forwards
Normal : Daniel Sedin, Patrick Sharp, Shane Doan - PP : John Tavares, Daniel Sedin - PK : Jan Hlavac
Extra Defensemen
Normal : Brendan Bell, Filip Novak, Mark Streit - PP : Pavel Kubina - PK : Matthew Spiller, Brendan Bell
Penalty Shots
Patrick Sharp, Daniel Sedin, John Tavares, Henrik Sedin, Alexei Morozov
% Time on Ice - Jets
Lines # - Real PCT - Wanted PCT - Time Play
Normal Forward
1 - 34% - 39% - 15:41
2 - 27% - 28% - 12:25
3 - 22% - 23% - 10:10
4 - 17% - 10% - 7:40
Normal Defense
1 - 41% - 40% - 18:47
2 - 30% - 30% - 13:46
3 - 23% - 20% - 10:41
4 - 6% - 10% - 2:42
PP Forward
1 - 59% - 60% - 1:20
2 - 41% - 40% - 0:56
PP Defense
1 - 57% - 60% - 1:17
2 - 43% - 40% - 0:59
PK Forward
1 - 71% - 60% - 8:06
2 - 29% - 40% - 3:17
PK Defense
1 - 65% - 60% - 7:24
2 - 35% - 40% - 3:59
PK3 Forward
1 - 0% - 60%
2 - 0% - 40%
PK3 Defense
1 - 0% - 60%
2 - 0% - 40%
44 Forward
1 - 0% - 60%
2 - 0% - 40%
44 Defense
1 - 0% - 60%
2 - 0% - 40%
Last Minute Offensive - 0:00
Last Minute Defensive - 0:25
Total
Forward - 60:00
Defense - 60:00
|
% Time on Ice - Stars
Lines # - Real PCT - Wanted PCT - Time Play
Normal Forward
1 - 35% - 40% - 16:09
2 - 25% - 30% - 11:29
3 - 22% - 20% - 10:25
4 - 18% - 10% - 8:15
Normal Defense
1 - 41% - 40% - 19:09
2 - 33% - 30% - 15:29
3 - 21% - 20% - 9:38
4 - 4% - 10% - 2:02
PP Forward
1 - 47% - 50% - 5:22
2 - 53% - 50% - 6:01
PP Defense
1 - 55% - 60% - 6:17
2 - 45% - 40% - 5:06
PK Forward
1 - 83% - 60% - 1:53
2 - 17% - 40% - 0:23
PK Defense
1 - 74% - 60% - 1:41
2 - 26% - 40% - 0:35
PK3 Forward
1 - 0% - 60%
2 - 0% - 40%
PK3 Defense
1 - 0% - 60%
2 - 0% - 40%
44 Forward
1 - 0% - 60%
2 - 0% - 40%
44 Defense
1 - 0% - 60%
2 - 0% - 40%
Last Minute Offensive - 0:03
Last Minute Defensive - 0:00
Total
Forward - 60:00
Defense - 60:00
|
Play by Play
1st period
0:01 of 1st period - Henrik Sedin wins face-off versus Mikko Koivu in neutral zone.
0:32 of 1st period - Slapshot by Jussi Jokinen.
0:32 of 1st period - Stopped by Pascal Leclaire with a rebound.
0:34 of 1st period - Snap shot by Jussi Jokinen.
0:34 of 1st period - Deflect By Greg Campbell.
0:34 of 1st period - Jets goal is going for a video replay.
0:34 of 1st period - The goal is good.
0:34 of 1st period - Goal by Greg Campbell - Jets : 1 - Stars : 0.
0:35 of 1st period - Éric Belanger wins face-off versus Darroll Powe in neutral zone.
1:00 of 1st period - Brendan Bell is hit by Adam Pardy and loses puck.
1:26 of 1st period - Snap shot by Evgeny Artyukhin.
1:26 of 1st period - Shot Misses the Net.
1:28 of 1st period - Slapshot by Matthew Spiller.
1:28 of 1st period - Shot Blocked by Adam Pardy.
1:30 of 1st period - Snap shot by Evgeny Artyukhin.
1:30 of 1st period - Goal by Evgeny Artyukhin - Jets : 1 - Stars : 1.
1:31 of 1st period - Henrik Sedin wins face-off versus Mikko Koivu in neutral zone.
1:57 of 1st period - Vaclav Varada is hit by Matthew Spiller and loses puck.
2:24 of 1st period - Matthew Spiller is hit by Darroll Powe and loses puck.
3:26 of 1st period - Zbynek Michalek is hit by Shane Doan and loses puck.
4:10 of 1st period - Snap shot by Mikko Koivu.
4:10 of 1st period - Shot Misses the Net.
4:19 of 1st period - Icing by Filip Novak.
4:20 of 1st period - Greg Campbell wins face-off versus Éric Belanger in Stars zone.
4:21 of 1st period - Wrist shot by Jussi Jokinen.
4:21 of 1st period - Shot Misses the Net.
5:31 of 1st period - Dmitri Kalinin is hit by Evgeny Artyukhin and loses puck.
5:46 of 1st period - Daniel Cleary is hit by Greg Campbell and loses puck.
5:53 of 1st period - Wrist shot by Jussi Jokinen.
5:53 of 1st period - Shot Misses the Net.
6:56 of 1st period - Slapshot by Ryan Malone.
6:56 of 1st period - Shot Misses the Net.
7:02 of 1st period - Brendan Bell is hit by Vaclav Varada and loses puck.
7:18 of 1st period - Slapshot by Mark Streit.
7:18 of 1st period - Shot Blocked by Dmitri Kalinin.
7:57 of 1st period - Off-side.
7:58 of 1st period - Darroll Powe wins face-off versus John Tavares in neutral zone.
8:25 of 1st period - Daniel Sedin is hit by Niklas Hjalmarsson and loses puck.
8:42 of 1st period - Snap shot by Greg Campbell.
8:42 of 1st period - Shot Blocked by Filip Novak.
9:11 of 1st period - Wrist shot by Adam Pardy.
9:11 of 1st period - Stopped by Pascal Leclaire without a rebound.
9:12 of 1st period - Blair Betts wins face-off versus John Tavares in Stars zone.
9:13 of 1st period - Wrist shot by Vaclav Varada.
9:13 of 1st period - Goal by Vaclav Varada - Jets : 2 - Stars : 1.
9:14 of 1st period - Mikko Koivu wins face-off versus Henrik Sedin in neutral zone.
9:23 of 1st period - Dustin Brown is hit by Daniel Sedin and loses puck.
10:13 of 1st period - Wrist shot by Vaclav Varada.
10:13 of 1st period - Stopped by Pascal Leclaire without a rebound.
10:14 of 1st period - Henrik Sedin wins face-off versus Mikko Koivu in Stars zone.
10:25 of 1st period - Wrist shot by Benoit Pouliot.
10:25 of 1st period - Shot Misses the Net.
11:06 of 1st period - Wrist shot by Daniel Cleary.
11:06 of 1st period - Stopped by Maxime Daigneault with a rebound.
12:56 of 1st period - Daniel Cleary is hit by Niklas Hjalmarsson and loses puck.
13:07 of 1st period - Wrist shot by Kristian Huselius.
13:07 of 1st period - Shot Blocked by Brendan Bell.
13:19 of 1st period - Slapshot by Mark Streit.
13:19 of 1st period - Shot Misses the Net.
13:21 of 1st period - Backhand shot by Mark Streit.
13:21 of 1st period - Deflect By Éric Belanger.
13:21 of 1st period - Shot Blocked by Marek Zidlicky.
13:21 of 1st period - Puck is out of play.
13:22 of 1st period - Éric Belanger wins face-off versus Mikko Koivu in Jets zone.
13:23 of 1st period - Wrist shot by Evgeny Artyukhin.
13:23 of 1st period - Shot Blocked by Adam Pardy.
13:25 of 1st period - Snap shot by Evgeny Artyukhin.
13:25 of 1st period - Shot Blocked by Niklas Hjalmarsson.
13:27 of 1st period - Wrist shot by Éric Belanger.
13:27 of 1st period - Stopped by Maxime Daigneault with a rebound.
13:35 of 1st period - Snap shot by Ryan Malone.
13:35 of 1st period - Shot Misses the Net.
13:37 of 1st period - Slapshot by Brendan Bell.
13:37 of 1st period - Shot Blocked by Adam Pardy.
13:47 of 1st period - Alexei Morozov is hit by Darroll Powe and loses puck.
14:08 of 1st period - Snap shot by Greg Campbell.
14:08 of 1st period - Shot Blocked by Bryan Berard.
14:29 of 1st period - Snap shot by Marty Reasoner.
14:29 of 1st period - Stopped by Maxime Daigneault without a rebound.
14:30 of 1st period - Blair Betts wins face-off versus Marty Reasoner in Jets zone.
14:35 of 1st period - Slapshot by Marek Zidlicky.
14:35 of 1st period - Shot Blocked by Marty Reasoner.
14:37 of 1st period - Snap shot by Dmitri Kalinin.
14:37 of 1st period - Stopped by Pascal Leclaire with a rebound.
14:39 of 1st period - Slapshot by Vaclav Varada.
14:39 of 1st period - Shot Misses the Net.
14:41 of 1st period - Snap shot by Vaclav Varada.
14:41 of 1st period - Goal by Vaclav Varada - Jets : 3 - Stars : 1.
14:42 of 1st period - Mikko Koivu wins face-off versus Daniel Sedin in neutral zone.
15:11 of 1st period - Dmitri Kalinin is hit by Shane Doan and loses puck.
15:30 of 1st period - Slapshot by Pavel Kubina.
15:30 of 1st period - Shot Misses the Net.
15:32 of 1st period - Backhand shot by Pavel Kubina.
15:32 of 1st period - Shot Blocked by Adam Pardy.
15:36 of 1st period - Snap shot by Evgeny Artyukhin.
15:36 of 1st period - Stopped by Maxime Daigneault with a rebound.
15:38 of 1st period - Slapshot by Evgeny Artyukhin.
15:38 of 1st period - Shot Misses the Net.
16:15 of 1st period - Snap shot by Benoit Pouliot.
16:15 of 1st period - Deflect By Dustin Brown.
16:15 of 1st period - Shot Blocked by Mark Streit.
16:15 of 1st period - Puck is out of play.
16:16 of 1st period - Henrik Sedin wins face-off versus Mikko Koivu in Stars zone.
16:35 of 1st period - Snap shot by Daniel Sedin.
16:35 of 1st period - Shot Misses the Net.
16:37 of 1st period - Snap shot by Henrik Sedin.
16:37 of 1st period - Stopped by Maxime Daigneault without a rebound.
16:38 of 1st period - John Tavares wins face-off versus Darroll Powe in Jets zone.
17:22 of 1st period - Wrist shot by Greg Campbell.
17:22 of 1st period - Stopped by Pascal Leclaire without a rebound.
17:23 of 1st period - Greg Campbell wins face-off versus Éric Belanger in Stars zone.
17:40 of 1st period - Dmitri Kalinin is hit by Ryan Malone and loses puck.
17:54 of 1st period - Snap shot by Éric Belanger.
17:54 of 1st period - Stopped by Maxime Daigneault without a rebound.
17:55 of 1st period - Mikko Koivu wins face-off versus Henrik Sedin in Jets zone.
18:10 of 1st period - Snap shot by Henrik Sedin.
18:10 of 1st period - Stopped by Maxime Daigneault with a rebound.
18:50 of 1st period - Snap shot by Greg Campbell.
18:50 of 1st period - Shot Blocked by Daniel Cleary.
18:54 of 1st period - Wrist shot by Jussi Jokinen.
18:54 of 1st period - Shot Blocked by Jan Hlavac.
18:56 of 1st period - Snap shot by Eric Fehr.
18:56 of 1st period - Stopped by Pascal Leclaire with a rebound.
Goals for this period are 3 for Jets vs 1 for Stars.
Shots for this period are 9 for Jets vs 8 for Stars.
2nd period
0:01 of 2nd period - Henrik Sedin wins face-off versus Mikko Koivu in neutral zone.
0:11 of 2nd period - Pavel Kubina is hit by Dustin Brown and loses puck.
0:26 of 2nd period - Greg Campbell is hit by Shane Doan.
0:54 of 2nd period - Slapshot by Evgeny Artyukhin.
0:54 of 2nd period - Shot Blocked by Tom Preissing.
1:10 of 2nd period - Snap shot by Daniel Cleary.
1:10 of 2nd period - Stopped by Maxime Daigneault with a rebound.
1:12 of 2nd period - Slapshot by Brendan Bell.
1:12 of 2nd period - Stopped by Maxime Daigneault with a rebound.
1:14 of 2nd period - Wrist shot by Daniel Cleary.
1:14 of 2nd period - Shot Blocked by Kristian Huselius.
1:16 of 2nd period - Slapshot by Brendan Bell.
1:16 of 2nd period - Shot Misses the Net.
1:30 of 2nd period - Slapshot by Shane Doan.
1:30 of 2nd period - Deflect By Patrick Sharp.
1:30 of 2nd period - Stopped by Maxime Daigneault without a rebound.
1:31 of 2nd period - Mikko Koivu wins face-off versus John Tavares in Jets zone.
1:31 of 2nd period - Mikko Koivu is hit by Shane Doan.
2:03 of 2nd period - Eric Fehr is hit by Henrik Sedin and loses puck.
2:30 of 2nd period - Wrist shot by Jussi Jokinen.
2:30 of 2nd period - Shot Blocked by Brendan Bell.
2:32 of 2nd period - Slapshot by Marek Zidlicky.
2:32 of 2nd period - Deflect By Jan Hlavac.
2:32 of 2nd period - Stopped by Pascal Leclaire with a rebound.
2:38 of 2nd period - Slapshot by Greg Campbell.
2:38 of 2nd period - Deflect By Daniel Cleary.
2:38 of 2nd period - Stopped by Pascal Leclaire with a rebound.
2:40 of 2nd period - Wrist shot by Greg Campbell.
2:40 of 2nd period - Stopped by Pascal Leclaire with a rebound.
2:42 of 2nd period - Snap shot by Eric Fehr.
2:42 of 2nd period - Stopped by Pascal Leclaire without a rebound.
2:43 of 2nd period - Henrik Sedin wins face-off versus Dustin Brown in Stars zone.
3:04 of 2nd period - Minor Penalty to Benoit Pouliot for Delaying the game.
3:05 of 2nd period - John Tavares wins face-off versus Dustin Brown in Jets zone.
3:12 of 2nd period - Snap shot by John Tavares.
3:12 of 2nd period - Stopped by Maxime Daigneault without a rebound.
3:13 of 2nd period - Darroll Powe wins face-off versus John Tavares in Jets zone.
5:01 of 2nd period - Wrist shot by Fredrik Sjostrom.
5:01 of 2nd period - Shot Misses the Net.
5:04 of 2nd period - Penalty to Benoit Pouliot is over, Benoit Pouliot is back on ice.
5:48 of 2nd period - Marty Reasoner is hit by Marek Zidlicky and loses puck.
6:16 of 2nd period - Adam Pardy is hit by Jan Hlavac and loses puck.
6:24 of 2nd period - Icing by Niklas Hjalmarsson.
6:25 of 2nd period - Blair Betts wins face-off versus Henrik Sedin in Jets zone.
6:33 of 2nd period - Icing by Henrik Sedin.
6:34 of 2nd period - Henrik Sedin wins face-off versus Mikko Koivu in Stars zone.
6:40 of 2nd period - Off-side.
6:41 of 2nd period - Henrik Sedin wins face-off versus Mikko Koivu in neutral zone.
7:05 of 2nd period - Minor Penalty to Darroll Powe for Hooking.
7:06 of 2nd period - Henrik Sedin wins face-off versus Fredrik Sjostrom in Jets zone.
9:05 of 2nd period - Penalty to Darroll Powe is over, Darroll Powe is back on ice.
9:11 of 2nd period - Minor Penalty to Greg Campbell for Holding.
9:12 of 2nd period - John Tavares wins face-off versus Darroll Powe in Jets zone.
10:23 of 2nd period - Blair Betts is hit by Patrick Sharp and loses puck.
11:11 of 2nd period - Penalty to Greg Campbell is over, Greg Campbell is back on ice.
11:25 of 2nd period - Snap shot by Eric Fehr.
11:25 of 2nd period - Stopped by Pascal Leclaire with a rebound.
11:27 of 2nd period - Slapshot by Jussi Jokinen.
11:27 of 2nd period - Shot Misses the Net.
11:29 of 2nd period - Snap shot by Greg Campbell.
11:29 of 2nd period - Stopped by Pascal Leclaire without a rebound.
11:30 of 2nd period - Greg Campbell wins face-off versus Marty Reasoner in Stars zone.
11:33 of 2nd period - Snap shot by Eric Fehr.
11:33 of 2nd period - Stopped by Pascal Leclaire with a rebound.
11:35 of 2nd period - Slapshot by Zbynek Michalek.
11:35 of 2nd period - Shot Misses the Net.
11:54 of 2nd period - Snap shot by Eric Fehr.
11:54 of 2nd period - Shot Misses the Net.
11:56 of 2nd period - Wrist shot by Eric Fehr.
11:56 of 2nd period - Stopped by Pascal Leclaire without a rebound.
11:57 of 2nd period - Mikko Koivu wins face-off versus Éric Belanger in Stars zone.
12:12 of 2nd period - Wrist shot by Evgeny Artyukhin.
12:12 of 2nd period - Shot Blocked by Dmitri Kalinin.
12:22 of 2nd period - Dustin Brown is hit by John Tavares and loses puck.
13:32 of 2nd period - Snap shot by Éric Belanger.
13:32 of 2nd period - Stopped by Maxime Daigneault without a rebound.
13:33 of 2nd period - Darroll Powe wins face-off versus Daniel Sedin in Jets zone.
13:40 of 2nd period - Wrist shot by Adam Pardy.
13:40 of 2nd period - Deflect By Henrik Sedin.
13:40 of 2nd period - Stopped by Pascal Leclaire without a rebound.
13:41 of 2nd period - Darroll Powe wins face-off versus Alexei Morozov in Stars zone.
13:46 of 2nd period - Adam Pardy is hit by Daniel Sedin and loses puck.
14:05 of 2nd period - Slapshot by Alexei Morozov.
14:05 of 2nd period - Goal by Alexei Morozov - Jets : 3 - Stars : 2.
14:06 of 2nd period - Henrik Sedin wins face-off versus Dustin Brown in neutral zone.
14:11 of 2nd period - Slapshot by Alexei Morozov.
14:11 of 2nd period - Shot Blocked by Niklas Hjalmarsson.
14:13 of 2nd period - Snap shot by Henrik Sedin.
14:13 of 2nd period - Stopped by Maxime Daigneault with a rebound.
14:15 of 2nd period - Wrist shot by Pavel Kubina.
14:15 of 2nd period - Shot Blocked by Niklas Hjalmarsson.
14:17 of 2nd period - Slapshot by Pavel Kubina.
14:17 of 2nd period - Shot Blocked by Niklas Hjalmarsson.
14:44 of 2nd period - Off-side.
14:45 of 2nd period - Jussi Jokinen wins face-off versus Henrik Sedin in neutral zone.
14:50 of 2nd period - Slapshot by Dmitri Kalinin.
14:50 of 2nd period - Shot Blocked by Matthew Spiller.
14:52 of 2nd period - Wrist shot by Greg Campbell.
14:52 of 2nd period - Shot Blocked by Matthew Spiller.
15:00 of 2nd period - Snap shot by Eric Fehr.
15:00 of 2nd period - Deflect By Henrik Sedin.
15:00 of 2nd period - Shot Misses the Net.
15:00 of 2nd period - Puck is out of play.
15:01 of 2nd period - Darroll Powe wins face-off versus John Tavares in Stars zone.
15:05 of 2nd period - Minor Penalty to Patrick Sharp for Roughing.
15:06 of 2nd period - Mikko Koivu wins face-off versus Marty Reasoner in Stars zone.
15:08 of 2nd period - Snap shot by Dustin Brown.
15:08 of 2nd period - Goal by Dustin Brown - Jets : 4 - Stars : 2.
15:08 of 2nd period - Patrick Lalime enters game.
15:09 of 2nd period - Henrik Sedin wins face-off versus Mikko Koivu in neutral zone.
15:14 of 2nd period - Wrist shot by Alexei Morozov.
15:14 of 2nd period - Stopped by Maxime Daigneault with a rebound.
15:16 of 2nd period - Snap shot by Daniel Sedin.
15:16 of 2nd period - Shot Misses the Net.
15:18 of 2nd period - Slapshot by Pavel Kubina.
15:18 of 2nd period - Shot Blocked by Mikko Koivu.
15:37 of 2nd period - Icing by Fredrik Sjostrom.
15:38 of 2nd period - Darroll Powe wins face-off versus John Tavares in Jets zone.
15:49 of 2nd period - Wrist shot by John Tavares.
15:49 of 2nd period - Shot Misses the Net.
15:51 of 2nd period - Slapshot by Brendan Bell.
15:51 of 2nd period - Stopped by Maxime Daigneault without a rebound.
15:52 of 2nd period - Henrik Sedin wins face-off versus Mikko Koivu in Jets zone.
15:53 of 2nd period - Wrist shot by Daniel Sedin.
15:53 of 2nd period - Stopped by Maxime Daigneault without a rebound.
15:54 of 2nd period - Mikko Koivu wins face-off versus Henrik Sedin in Jets zone.
16:01 of 2nd period - Snap shot by Mikko Koivu.
16:01 of 2nd period - Goal by Mikko Koivu - Jets : 5 - Stars : 2.
16:02 of 2nd period - Mikko Koivu wins face-off versus Henrik Sedin in neutral zone.
16:27 of 2nd period - Pavel Kubina is hit by Greg Campbell and loses puck.
16:34 of 2nd period - Wrist shot by John Tavares.
16:34 of 2nd period - Goal by John Tavares - Jets : 5 - Stars : 3.
16:35 of 2nd period - Daniel Sedin wins face-off versus Mikko Koivu in neutral zone.
16:39 of 2nd period - Icing by Mikko Koivu.
16:40 of 2nd period - Henrik Sedin wins face-off versus Mikko Koivu in Jets zone.
17:07 of 2nd period - Slapshot by Marek Zidlicky.
17:07 of 2nd period - Stopped by Patrick Lalime without a rebound.
17:08 of 2nd period - John Tavares wins face-off versus Greg Campbell in Stars zone.
17:19 of 2nd period - Snap shot by Greg Campbell.
17:19 of 2nd period - Shot Blocked by Brendan Bell.
17:21 of 2nd period - Backhand shot by Niklas Hjalmarsson.
17:21 of 2nd period - Shot Blocked by Mark Streit.
17:23 of 2nd period - Wrist shot by Eric Fehr.
17:23 of 2nd period - Stopped by Patrick Lalime with a rebound.
17:52 of 2nd period - Minor Penalty to Marek Zidlicky for High sticking.
17:53 of 2nd period - Darroll Powe wins face-off versus Henrik Sedin in Jets zone.
18:29 of 2nd period - Snap shot by Alexei Morozov.
18:29 of 2nd period - Stopped by Maxime Daigneault with a rebound.
19:52 of 2nd period - Penalty to Marek Zidlicky is over, Marek Zidlicky is back on ice.
19:59 of 2nd period - Éric Belanger is hit by Dmitri Kalinin and loses puck.
Goals for this period are 2 for Jets vs 2 for Stars.
Shots for this period are 13 for Jets vs 12 for Stars.
3rd period
0:01 of 3rd period - Mikko Koivu wins face-off versus Henrik Sedin in neutral zone.
0:51 of 3rd period - Wrist shot by Ryan Malone.
0:51 of 3rd period - Goal by Ryan Malone - Jets : 5 - Stars : 4.
0:52 of 3rd period - Mikko Koivu wins face-off versus Daniel Sedin in neutral zone.
1:01 of 3rd period - Slapshot by Henrik Sedin.
1:01 of 3rd period - Stopped by Maxime Daigneault with a rebound.
1:03 of 3rd period - Wrist shot by Henrik Sedin.
1:03 of 3rd period - Shot Misses the Net.
1:05 of 3rd period - Slapshot by Mark Streit.
1:05 of 3rd period - Deflect By Mikko Koivu.
1:05 of 3rd period - Stopped by Maxime Daigneault with a rebound.
1:07 of 3rd period - Snap shot by Daniel Sedin.
1:07 of 3rd period - Shot Misses the Net.
2:09 of 3rd period - Wrist shot by Evgeny Artyukhin.
2:09 of 3rd period - Shot Misses the Net.
3:52 of 3rd period - Snap shot by Vaclav Varada.
3:52 of 3rd period - Shot Misses the Net.
3:54 of 3rd period - Slapshot by Dmitri Kalinin.
3:54 of 3rd period - Shot Blocked by Brendan Bell.
4:04 of 3rd period - Henrik Sedin is hit by Greg Campbell and loses puck.
4:23 of 3rd period - Alexei Morozov is hit by Tom Preissing and loses puck.
4:36 of 3rd period - Slapshot by Henrik Sedin.
4:36 of 3rd period - Stopped by Maxime Daigneault with a rebound.
4:38 of 3rd period - Wrist shot by Henrik Sedin.
4:38 of 3rd period - Deflect By Alexei Morozov.
4:38 of 3rd period - Shot Misses the Net.
4:38 of 3rd period - Puck is out of play.
4:39 of 3rd period - Mikko Koivu wins face-off versus John Tavares in Jets zone.
4:54 of 3rd period - Wrist shot by Mikko Koivu.
4:54 of 3rd period - Stopped by Patrick Lalime with a rebound.
5:27 of 3rd period - Jan Hlavac is hit by Vaclav Varada and loses puck.
5:48 of 3rd period - Slapshot by Mikko Koivu.
5:48 of 3rd period - Shot Blocked by Bryan Berard.
5:50 of 3rd period - Snap shot by Zbynek Michalek.
5:50 of 3rd period - Stopped by Patrick Lalime without a rebound.
5:51 of 3rd period - Mikko Koivu wins face-off versus John Tavares in Stars zone.
6:16 of 3rd period - Dmitri Kalinin is hit by Matthew Spiller and loses puck.
6:21 of 3rd period - Snap shot by Alexei Morozov.
6:21 of 3rd period - Shot Blocked by Greg Campbell.
6:23 of 3rd period - Wrist shot by Daniel Sedin.
6:23 of 3rd period - Stopped by Maxime Daigneault without a rebound.
6:24 of 3rd period - Henrik Sedin wins face-off versus Mikko Koivu in Jets zone.
6:38 of 3rd period - Minor Penalty to Adam Pardy for Tripping.
6:39 of 3rd period - Henrik Sedin wins face-off versus Darroll Powe in Jets zone.
8:38 of 3rd period - Penalty to Adam Pardy is over, Adam Pardy is back on ice.
8:49 of 3rd period - Snap shot by Vaclav Varada.
8:49 of 3rd period - Shot Misses the Net.
8:51 of 3rd period - Wrist shot by Blair Betts.
8:51 of 3rd period - Stopped by Patrick Lalime with a rebound.
8:53 of 3rd period - Backhand shot by Kristian Huselius.
8:53 of 3rd period - Shot Misses the Net.
9:03 of 3rd period - Marty Reasoner is hit by Dmitri Kalinin and loses puck.
9:46 of 3rd period - Kristian Huselius is hit by Pavel Kubina and loses puck.
10:05 of 3rd period - Ryan Malone is hit by Marek Zidlicky and loses puck.
10:23 of 3rd period - Pavel Kubina is hit by Niklas Hjalmarsson and loses puck.
10:44 of 3rd period - Brendan Bell is hit by Blair Betts and loses puck.
11:03 of 3rd period - Mark Streit is hit by Greg Campbell and loses puck.
11:23 of 3rd period - Minor Penalty to Mikko Koivu for Tripping.
11:24 of 3rd period - Henrik Sedin wins face-off versus Darroll Powe in Jets zone.
11:59 of 3rd period - Slapshot by Matthew Spiller.
11:59 of 3rd period - Deflect By Alexei Morozov.
11:59 of 3rd period - Shot Blocked by Marek Zidlicky.
11:59 of 3rd period - Puck is out of play.
12:00 of 3rd period - Patrick Sharp wins face-off versus Greg Campbell in Jets zone.
12:01 of 3rd period - Wrist shot by Alexei Morozov.
12:01 of 3rd period - Stopped by Maxime Daigneault with a rebound.
12:03 of 3rd period - Wrist shot by Patrick Sharp.
12:03 of 3rd period - Goal by Patrick Sharp - Jets : 5 - Stars : 5.
12:04 of 3rd period - Mikko Koivu wins face-off versus Henrik Sedin in neutral zone.
12:06 of 3rd period - Off-side.
12:07 of 3rd period - Dustin Brown wins face-off versus Henrik Sedin in neutral zone.
12:18 of 3rd period - Snap shot by Mikko Koivu.
12:18 of 3rd period - Shot Misses the Net.
12:32 of 3rd period - Backhand shot by Fredrik Sjostrom.
12:32 of 3rd period - Stopped by Patrick Lalime with a rebound.
12:34 of 3rd period - Wrist shot by Fredrik Sjostrom.
12:34 of 3rd period - Shot Blocked by John Tavares.
12:36 of 3rd period - Wrist shot by Marek Zidlicky.
12:36 of 3rd period - Deflect By John Tavares.
12:36 of 3rd period - Stopped by Patrick Lalime with a rebound.
12:38 of 3rd period - Snap shot by Darroll Powe.
12:38 of 3rd period - Stopped by Patrick Lalime with a rebound.
14:44 of 3rd period - Slapshot by Daniel Sedin.
14:44 of 3rd period - Shot Blocked by Marek Zidlicky.
15:02 of 3rd period - Wrist shot by Mikko Koivu.
15:02 of 3rd period - Stopped by Patrick Lalime with a rebound.
15:04 of 3rd period - Snap shot by Mikko Koivu.
15:04 of 3rd period - Shot Blocked by Bryan Berard.
15:14 of 3rd period - Ryan Callahan is hit by John Tavares and loses puck.
15:35 of 3rd period - Alexei Morozov is hit by Eric Fehr and loses puck.
15:54 of 3rd period - Minor Penalty to Alexei Morozov for Interference.
15:55 of 3rd period - Dustin Brown wins face-off versus Marty Reasoner in Stars zone.
15:56 of 3rd period - Slapshot by Mikko Koivu.
15:56 of 3rd period - Stopped by Patrick Lalime without a rebound.
15:57 of 3rd period - Marty Reasoner wins face-off versus Mikko Koivu in Stars zone.
16:08 of 3rd period - Snap shot by Benoit Pouliot.
16:08 of 3rd period - Goal by Benoit Pouliot - Jets : 6 - Stars : 5.
16:09 of 3rd period - Éric Belanger wins face-off versus Darroll Powe in neutral zone.
16:27 of 3rd period - Minor Penalty to Matthew Spiller for Tripping.
16:28 of 3rd period - Marty Reasoner wins face-off versus Mikko Koivu in Stars zone.
17:34 of 3rd period - Snap shot by Daniel Sedin.
17:34 of 3rd period - Stopped by Maxime Daigneault without a rebound.
17:35 of 3rd period - Marty Reasoner wins face-off versus Mikko Koivu in Jets zone.
18:27 of 3rd period - Penalty to Matthew Spiller is over, Matthew Spiller is back on ice.
18:49 of 3rd period - Off-side.
18:50 of 3rd period - Barry Trotz call a timeout for Stars.
18:50 of 3rd period - Greg Campbell wins face-off versus Henrik Sedin in neutral zone.
18:55 of 3rd period - Snap shot by Greg Campbell.
18:55 of 3rd period - Stopped by Patrick Lalime with a rebound.
19:05 of 3rd period - Stars, Patrick Lalime is pulled from the net.
19:11 of 3rd period - Double Minor Penalty to Greg Campbell for Slashing.
19:12 of 3rd period - Henrik Sedin wins face-off versus Darroll Powe in Jets zone.
19:19 of 3rd period - Snap shot by Henrik Sedin.
19:19 of 3rd period - Shot Misses the Net.
19:37 of 3rd period - Dustin Brown is hit by Shane Doan and loses puck.
19:44 of 3rd period - Snap shot by Shane Doan.
19:44 of 3rd period - Shot Misses the Net.
Goals for this period are 1 for Jets vs 2 for Stars.
Shots for this period are 10 for Jets vs 8 for Stars.
Output by the SimonT Hockey Simulator (STHS) for François Prévost -- Original Page W3C XHTML 1.0 Valid